 Dungeon Crawl Stone Soup version 0.29.0-4-gdea44cf6ec (webtiles) character file.

Game seed: 8483013906395007051

6265 qw the Cleaver (level 10, -6/63 HPs)
             Began as a Tengu Warper on Aug 28, 2022.
             Was a Priest of Okawaru.
             Mangled by a vault guard
             ... wielding a +0 dire flail
              (10 damage)
             ... on level 10 of the Dungeon.
             The game lasted 00:01:10 (10100 turns).

qw the Cleaver (Tengu Warper)                      Turns: 10100, Time: 00:01:11

Health: -6/63      AC: 16    Str: 22    XL:     10   Next: 93%
Magic:  12/14      EV: 12    Int: 13    God:    Okawaru [***...]
Gold:   407        SH:  6    Dex: 14    Spells: 13/13 levels left

rFire   . . .      SeeInvis .   n - +0 war axe
rCold   . . .      Faith    .   h - +0 buckler
rNeg    . . .      Spirit   .   s - +0 plate armour
rPois   .          Reflect  .   (helmet restricted)
rElec   .          Harm     .   i - +0 cloak
rCorr   .          Rampage  .   (no gloves)
Will    .....                   (boots unavailable)
Stlth   ..........              o - amulet of regeneration
HPRegen 1.00/turn               k - +6 ring of strength
MPRegen 0.14/turn               q - +4 ring of slaying {mikee}

@: about to teleport, heroic, flying quickly and evasively, quick
A: beak, talons 3, nimble flight
a: Renounce Religion, Heroism


You were on level 10 of the Dungeon.
You worshipped Okawaru.
Okawaru was most pleased with you.
You visited 2 branches of the dungeon, and saw 11 of its levels.
You also visited: Ossuary.

You collected 449 gold pieces.
You spent 42 gold pieces at shops.


Innate Abilities, Weirdness & Mutations

You have a beak for a mouth.
You have claws for feet.
Your magical nature lets you fly swiftly and evasively.


   Skills:
 - Level 7.0(12.0) Fighting
 + Level 12.7(17.7) Axes
 - Level 3.0(8.0) Throwing
 - Level 6.0(11.0) Armour
 - Level 4.0(9.0) Dodging
 - Level 3.3(8.3) Shields
 - Level 2.0 Spellcasting
 - Level 2.4 Translocations
 - Level 4.1 Invocations


You had 13 spell levels left.
You didn't know any spells.
Your spell library contained the following spells:

 Spells                   Type           Power      Damage    Failure   Level
 Blink                    Tloc           14%        N/A       92%         2
 Gell's Gravitas          Tloc           7%         N/A       99%         3
 Lesser Beckoning         Tloc           7%         N/A       99%         3
 Teleport Other           Tloc           7%         N/A       99%         3
 Manifold Assault         Tloc           7%         N/A       100%        5

Inventory:

Hand Weapons
 n - a +0 war axe (weapon)
 p - a +0 morningstar
Missiles
 a - 11 boomerangs (quivered)
Armour
 h - a +0 buckler (worn)
 i - a +0 cloak (worn)
 s - a +0 plate armour (worn)
Jewellery
 g - the amulet "Bam Ulin" {Harm rC+ Regen+}
   (You acquired it on level 3 of the Dungeon)

   [amulet of regeneration]

   rC:        It protects you from cold.
   Regen:     It increases your rate of health regeneration.
   Harm:      It increases damage dealt and taken.
 k - a +6 ring of strength (left hand)
 m - a +6 ring of dexterity
 o - an amulet of regeneration (around neck)
 q - a +4 ring of slaying (right hand) {mikee}
Scrolls
 c - 3 scrolls of identify
 l - 2 scrolls of teleportation
Potions
 b - a potion of cancellation
 d - 4 potions of haste
 e - 3 potions of heal wounds
 f - a potion of resistance
 j - 4 potions of curing
 r - 2 potions of magic

Dungeon Overview and Level Annotations

Branches:
Dungeon (10/15)            Temple (1/1) D:6         Ossuary (visited)
   Lair: D:8-11         Orc: D:9-12

Altars:
Ashenzari
Cheibriados
Dithmenos
Elyvilon
Fedhas
Gozag
Hepliaklqana
Kikubaaqudgha
Makhleb
Nemelex Xobeh
Okawaru
Qazlal
Ru
Sif Muna
Trog
Uskayaw
Vehumet
Wu Jian
Xom
Yredelemnul
Zin
The Shining One

Shops:
D:1 !:   D:9 (

Annotations:
D:7 1 runed translucent door, Crazy Yiuf
D:9 3 runed translucent doors, qw's ghost, journeyman TeWr


Message History

The javelin closely misses the vault guard.
A vault guard is nearby!
Throw: javelin
Press: ? - help, Q - select action, (/) - cycle Shift-Dir - straight line, f/p - vault guard You throw a javelin.
The javelin pierces through the vault guard.
The vault guard is lightly wounded.
Throw: 11 boomerangs
Press: ? - help, Q - select action Shift-Dir - straight line, f/p - vault guard You throw a boomerang.
The boomerang hits the vault guard!
The vault guard is lightly wounded.
You slash the vault guard!
You claw the vault guard, but do no damage.
You peck the vault guard.
The vault guard is moderately wounded.
You hit the vault guard but do no damage.
You claw the vault guard! Your peck misses the vault guard.
The vault guard is heavily wounded.
The vault guard hits you with a +0 dire flail.
You slash the vault guard! You peck the vault guard.
The vault guard is severely wounded.
The vault guard hits you with a +0 dire flail.
You slash the vault guard!
The vault guard is severely wounded.
The vault guard hits you with a +0 dire flail!
10097 ||| INVOKING Heroism.
You gain the combat prowess of a mighty hero.
The vault guard hits you with a +0 dire flail!
You slash the vault guard!
The vault guard is almost dead.
The vault guard hits you with a +0 dire flail!
You closely miss the vault guard. You claw the vault guard.
Your peck misses the vault guard.
The vault guard is almost dead.
The vault guard hits you with a +0 dire flail!!
10100 ||| READING 3 scrolls of teleportation.
As you read the scroll of teleportation, it crumbles to dust.
You feel strangely unstable.
The vault guard hits you with a +0 dire flail!
You die...

#...# #..................
#...# #..................
#...# #....####..........
#...# #....# #..........
#...# #....# #..........
#...###....####..........
#........................
#........................
######..@################
#..p# #...# ########...#
...........#
...........################
......(........)...........
.....(.........)...........
.########......)...........


You could see a vault guard.

Vanquished Creatures
  A two-headed ogre (D:8)
  Pikel (D:7)
  Maggie (D:9)
  A hornet (D:8)
  A vampire (D:10)
  3 yaks (D:10)
  2 wraiths
  A wyvern (D:8)
  3 steam dragons
  Edmund (D:5)
  Menkaure (D:7)
  2 water moccasins (D:6)
  3 orc warriors
  2 black bears
  6 centaurs
  An ogre (D:6)
  4 lemures (D:7)
  A bullfrog (D:3)
  2 kobold brigands
  An elf zombie (Ossuary)
  A gnoll sergeant (D:6)
  An electric eel (D:10)
  8 howler monkeys
  5 jellies
  8 orc priests
  2 hounds
  An iguana (D:6)
  12 orc wizards
  3 mummies (Ossuary)
  9 gnolls
  A river rat (D:3)
  7 adders
  A shadow imp (D:5)
  2 white imps
  3 ufetubi
  4 worms
  4 dart slugs
  32 orcs
  5 endoplasms
  3 giant cockroaches
  A gnoll zombie (Ossuary)
  6 goblins
  8 hobgoblins
  7 jackals
  18 kobolds
  5 quokkas
  9 ball pythons
  3 bats
  4 frilled lizards (D:1)
  4 goblin zombies (Ossuary)
  2 hobgoblin zombies (Ossuary)
  3 kobold zombies (Ossuary)
  5 rats
225 creatures vanquished.

Notes
Turn   | Place    | Note
-------+----------+-------------------------------------------
     0 | D:1      | qw the Tengu Warper began the quest for the Orb.
     0 | D:1      | Reached XP level 1. HP: 12/12 MP: 4/4
     0 | D:1      | 0 ||| qw: Version: 0.1-a-89-g26bdef1
     0 | D:1      | 0 ||| qw: Game counter: 1693
     0 | D:1      | 0 ||| qw: Always use a shield: true
     0 | D:1      | 0 ||| qw: God list: Okawaru
     0 | D:1      | 0 ||| qw: Allow faded altars: false
     0 | D:1      | 0 ||| qw: Do Orc after D:15 true
     0 | D:1      | 0 ||| qw: Do second Lair branch before Depths: true
     0 | D:1      | 0 ||| qw: Lair rune preference: random
     0 | D:1      | 0 ||| qw: Plans: Normal
     0 | D:1      | 0 ||| PLANNING D:1-11
   280 | D:1      | Found Idath's Book Shoppe.
   318 | D:1      | Reached XP level 2. HP: 17/17 MP: 6/6
   378 | D:1      | Reached skill level 3 in Axes
   591 | D:1      | Found Qoitz's Distillery.
   606 | D:1      | 606 ||| BUYING potion of curing (42 gold).
   606 | D:1      | Bought a potion of curing for 42 gold pieces
   606 | D:1      | 606 ||| SHOPLISTING potion of curing (42 gold, have 13).
   606 | D:1      | 606 ||| SHOPLISTING potion of heal wounds (70 gold, have
                  | 13).
   606 | D:1      | 606 ||| SHOPLISTING potion of mutation (112 gold, have 13).
   769 | D:1      | 769 ||| Stepping ~*~*~tactically~*~*~ (hiding).
   893 | D:1      | 893 ||| Stepping ~*~*~tactically~*~*~ (hiding).
   895 | D:1      | 895 ||| Stepping ~*~*~tactically~*~*~ (hiding).
   973 | D:1      | 973 ||| DROPPING +0 club.
  1044 | D:1      | 1044 ||| UPGRADING to +0 buckler.
  1049 | D:1      | 1049 ||| UPGRADING to +0 chain mail.
  1059 | D:1      | 1059 ||| DROPPING +0 leather armour.
  1060 | D:1      | 1060 ||| READING scroll labelled ZYINIT WANINE.
  1061 | D:1      | 1061 ||| READING scroll labelled QUDAAN HURR.
  1062 | D:1      | 1062 ||| DROPPING scroll of blinking.
  1212 | D:2      | Reached XP level 3. HP: 18/21 MP: 7/7
  1257 | D:2      | Reached skill level 1 in Shields
  1469 | D:2      | 1469 ||| Stepping ~*~*~tactically~*~*~ (stealth).
  1490 | D:2      | Reached skill level 4 in Axes
  1508 | D:2      | 1508 ||| FLEEEEING.
  1659 | D:2      | 1659 ||| Stepping ~*~*~tactically~*~*~ (hiding).
  1772 | D:2      | 1772 ||| Stepping ~*~*~tactically~*~*~ (stealth).
  1792 | D:2      | Reached XP level 4. HP: 21/26 MP: 8/8
  2158 | D:2      | 2158 ||| UPGRADING to ring of protection from cold.
  2159 | D:2      | 2159 ||| READING scroll labelled GUARRI CIDINK.
  2160 | D:2      | 2160 ||| READING scroll labelled KOSTRA ZOGRU.
  2161 | D:2      | 2161 ||| READING scroll labelled LIOM NUD FUSM.
  2177 | D:3      | 2177 ||| PLANNING SEWER
  2180 | D:3      | 2180 ||| STAIRDANCE
  2206 | D:3      | 2206 ||| STAIRDANCE
  2359 | D:3      | Noticed a bullfrog
  2360 | D:3      | 2360 ||| Stepping ~*~*~tactically~*~*~ (stealth).
  2400 | D:3      | Identified the +6 whip "Orb Guardian's Bane" {holy, rPois}
  2401 | D:3      | 2401 ||| Stepping ~*~*~tactically~*~*~ (stealth).
  2507 | D:3      | 2507 ||| Stepping ~*~*~tactically~*~*~ (stealth).
  2522 | D:3      | Killed a bullfrog
  2523 | D:3      | Reached skill level 5 in Axes
  2523 | D:3      | Gained mutation: Your magical nature lets you fly swiftly
                  | and evasively. [Tengu growth]
  2523 | D:3      | Reached XP level 5. HP: 11/30 MP: 9/9
  2710 | D:3      | 2710 ||| DROPPING +0 whip.
  2756 | D:3      | Found a glowing drain.
  2791 | D:3      | 2791 ||| READING scroll labelled YDUDDU NAIHOWK.
  2801 | D:3      | 2801 ||| DRINKING 2 fizzy orange potions.
  2802 | D:3      | 2802 ||| DROPPING potion of attraction.
  2875 | D:3      | Reached skill level 6 in Axes
  2886 | D:3      | 2886 ||| RIP SEWER
  2895 | D:3      | 2895 ||| PLANNING D:1-11
  3082 | D:3      | 3082 ||| Stepping ~*~*~tactically~*~*~ (stealth).
  3083 | D:3      | 3083 ||| Stepping ~*~*~tactically~*~*~ (stealth).
  3086 | D:3      | 3086 ||| Stepping ~*~*~tactically~*~*~ (stealth).
  3196 | D:3      | 3196 ||| Stepping ~*~*~tactically~*~*~ (stealth).
  3197 | D:3      | 3197 ||| Stepping ~*~*~tactically~*~*~ (hiding).
  3200 | D:3      | 3200 ||| FLEEEEING.
  3206 | D:3      | 3206 ||| DRINKING 3 potions of curing.
  3206 | D:3      | 3206 ||| (to cure confusion)
  3213 | D:3      | Reached XP level 6. HP: 18/35 MP: 10/10
  3220 | D:3      | 3220 ||| DRINKING 2 potions of curing.
  3220 | D:3      | 3220 ||| (to cure confusion)
  3315 | D:3      | 3315 ||| DROPPING +6 whip "Orb Guardian's Bane" {holy,
                  | rPois}.
  3334 | D:3      | Found a radiant altar of Vehumet.
  3349 | D:3      | Found a burning altar of Makhleb.
  3441 | D:3      | Found an ornate altar of the Wu Jian Council.
  3453 | D:3      | Found a hazy altar of Hepliaklqana.
  3456 | D:3      | 3456 ||| READING scroll labelled BEBBIA UVYR.
  3456 | D:3      | Identified a scroll of acquirement
  3456 | D:3      | 3456 ||| ACQUIRING amulet "Bam Ulin" {Harm rC+ Regen+}
  3456 | D:3      | Acquired the amulet "Bam Ulin" {Harm rC+ Regen+}
  3458 | D:3      | 3458 ||| READING 2 scrolls labelled LUCWEP XI WUEGH.
  3601 | D:3      | 3601 ||| READING scroll labelled UPTODGH DICE.
  3602 | D:3      | 3602 ||| DRINKING 2 bubbling purple potions.
  3603 | D:3      | 3603 ||| DRINKING 2 lumpy golden potions.
  3604 | D:3      | 3604 ||| DROPPING potion of degeneration.
  3605 | D:3      | 3605 ||| DROPPING scroll of torment.
  3776 | D:4      | Noticed a black bear
  3791 | D:4      | Killed a black bear
  3792 | D:4      | Reached skill level 7 in Axes
  4200 | D:4      | 4200 ||| Stepping ~*~*~tactically~*~*~ (hiding).
  4201 | D:4      | 4201 ||| STAIRDANCE
  4224 | D:3      | 4224 ||| UPGRADING to +0 plate armour.
  4234 | D:3      | 4234 ||| DROPPING +0 chain mail.
  4235 | D:3      | 4235 ||| UPGRADING to amulet of regeneration.
  4240 | D:3      | 4240 ||| UPGRADING to +4 ring of slaying {mikee}.
  4241 | D:3      | 4241 ||| READING scroll labelled GINEUT EDYPSY.
  4242 | D:3      | 4242 ||| READING scroll labelled NEFEUCUSMO.
  4245 | D:4      | 4245 ||| STAIRDANCE
  4248 | D:3      | Reached XP level 7. HP: 40/40 MP: 11/11
  4429 | D:4      | Found a sparkling altar of Nemelex Xobeh.
  4429 | D:4      | Found a stormy altar of Qazlal.
  4489 | D:5      | Entered Level 5 of the Dungeon
  4490 | D:5      | 4490 ||| PLANNING OSSUARY
  4510 | D:5      | Found a sand-covered staircase.
  4517 | Ossuary  | Entered an ossuary
  4517 | Ossuary  | Noticed a wraith
  4517 | Ossuary  | Noticed a wraith
  4517 | Ossuary  | Noticed a wraith
  4548 | Ossuary  | Reached skill level 3 in Armour
  4743 | Ossuary  | Reached skill level 3 in Fighting
  4863 | Ossuary  | Noticed a wraith
  4872 | Ossuary  | Killed a wraith
  4873 | Ossuary  | Reached skill level 3 in Shields
  5025 | Ossuary  | 5025 ||| READING scroll labelled BOXZIPAYMM.
  5026 | Ossuary  | 5026 ||| DRINKING 2 metallic orange potions.
  5027 | Ossuary  | 5027 ||| DRINKING 2 sapphire potions.
  5028 | Ossuary  | 5028 ||| DRINKING 2 black potions.
  5129 | Ossuary  | 5129 ||| DRINKING 4 lumpy inky potions.
  5130 | Ossuary  | 5130 ||| READING 3 scrolls of identify.
  5130 | Ossuary  | 5130 ||| IDENTIFYING ruby potion
  5131 | Ossuary  | 5131 ||| READING 2 scrolls of identify.
  5131 | Ossuary  | 5131 ||| IDENTIFYING orange potion
  5132 | Ossuary  | 5132 ||| DROPPING potion of flight.
  5133 | Ossuary  | 5133 ||| DROPPING potion of magic.
  5134 | Ossuary  | 5134 ||| DROPPING potion of ambrosia.
  5135 | Ossuary  | 5135 ||| DROPPING 3 potions of brilliance.
  5152 | D:5      | 5152 ||| PLANNING D:1-11
  5400 | D:5      | Reached XP level 8. HP: 19/46 MP: 12/12
  5401 | D:5      | 5401 ||| DRINKING 4 potions of curing.
  5401 | D:5      | 5401 ||| (to cure confusion)
  5409 | D:5      | Reached skill level 8 in Axes
  5502 | D:5      | 5502 ||| Stepping ~*~*~tactically~*~*~ (hiding).
  5660 | D:5      | Noticed Edmund
  5681 | D:5      | Killed Edmund
  5682 | D:5      | Reached skill level 9 in Axes
  5838 | D:5      | 5838 ||| READING scroll labelled CIEMUDDAEPH.
  5939 | D:5      | 5939 ||| READING scroll labelled FIACIU NEARUGESU.
  6074 | D:6      | 6074 ||| Stepping ~*~*~tactically~*~*~ (hiding).
  6110 | D:6      | Found a staircase to the Ecumenical Temple.
  6111 | D:6      | 6111 ||| PLANNING TEMPLE
  6111 | D:6      | 6111 ||| UPGRADING to +0 cloak.
  6116 | D:6      | 6116 ||| DROPPING ring of positive energy.
  6117 | D:6      | 6117 ||| UPGRADING to +6 ring of strength.
  6119 | D:6      | 6119 ||| DROPPING ring of protection from cold.
  6125 | Temple   | Entered the Ecumenical Temple
  6129 | Temple   | Became a worshipper of Warmaster Okawaru
  6216 | Temple   | 6216 ||| PLANNING D:1-11
  6245 | D:6      | 6245 ||| Stepping ~*~*~tactically~*~*~ (hiding).
  6254 | D:6      | 6254 ||| Stepping ~*~*~tactically~*~*~ (hiding).
  6262 | D:6      | Reached XP level 9. HP: 23/52 MP: 13/13
  6264 | D:6      | 6264 ||| Stepping ~*~*~tactically~*~*~ (stealth).
  6268 | D:6      | Reached skill level 10 in Axes
  6302 | D:6      | 6302 ||| Stepping ~*~*~tactically~*~*~ (hiding).
  6313 | D:6      | Reached skill level 3 in Dodging
  6475 | D:6      | 6475 ||| Stepping ~*~*~tactically~*~*~ (hiding).
  6476 | D:6      | 6476 ||| Stepping ~*~*~tactically~*~*~ (hiding).
  6940 | D:6      | 6940 ||| READING 2 scrolls of enchant weapon.
  6940 | D:6      | 6940 ||| ENCHANTING +1 hand axe of protection.
  6941 | D:6      | 6941 ||| READING scroll of enchant weapon.
  6941 | D:6      | 6941 ||| ENCHANTING +2 hand axe of protection.
  7095 | D:7      | 7095 ||| Stepping ~*~*~tactically~*~*~ (hiding).
  7098 | D:7      | 7098 ||| Stepping ~*~*~tactically~*~*~ (hiding).
  7099 | D:7      | 7099 ||| Stepping ~*~*~tactically~*~*~ (hiding).
  7207 | D:7      | Noticed Menkaure
  7208 | D:7      | 7208 ||| Stepping ~*~*~tactically~*~*~ (hiding).
  7210 | D:7      | 7210 ||| Stepping ~*~*~tactically~*~*~ (hiding).
  7216 | D:7      | Killed Menkaure
  7413 | D:7      | Reached * piety under Okawaru
  7414 | D:7      | 7414 ||| INVOKING Heroism.
  7561 | D:7      | Found a runed translucent door.
  7562 | D:7      | Noticed Crazy Yiuf
  7586 | D:7      | 7586 ||| Stepping ~*~*~tactically~*~*~ (stealth).
  7592 | D:7      | 7592 ||| Stepping ~*~*~tactically~*~*~ (stealth).
  7596 | D:7      | 7596 ||| INVOKING Heroism.
  7597 | D:7      | 7597 ||| INVOKING Heroism.
  7641 | D:7      | Noticed Pikel
  7642 | D:7      | 7642 ||| Stepping ~*~*~tactically~*~*~ (stealth).
  7643 | D:7      | 7643 ||| INVOKING Heroism.
  7651 | D:7      | 7651 ||| Stepping ~*~*~tactically~*~*~ (stealth).
  7655 | D:7      | 7655 ||| Stepping ~*~*~tactically~*~*~ (stealth).
  7658 | D:7      | 7658 ||| Stepping ~*~*~tactically~*~*~ (stealth).
  7659 | D:7      | 7659 ||| Stepping ~*~*~tactically~*~*~ (stealth).
  7660 | D:7      | 7660 ||| INVOKING Heroism.
  7672 | D:7      | Killed Pikel
  7673 | D:7      | Reached skill level 11 in Axes
  7830 | D:7      | 7830 ||| DRINKING 2 coppery potions.
  7831 | D:7      | 7831 ||| READING 3 scrolls of identify.
  7831 | D:7      | 7831 ||| IDENTIFYING bubbling white potion
  7832 | D:7      | 7832 ||| DROPPING potion of invisibility.
  7925 | D:8      | 7925 ||| INVOKING Heroism.
  7933 | D:8      | Reached skill level 3 in Invocations
  7975 | D:8      | 7975 ||| Stepping ~*~*~tactically~*~*~ (stealth).
  7976 | D:8      | 7976 ||| SWAPPING to +0 war axe.
  7978 | D:8      | 7978 ||| DROPPING +3 hand axe of protection.
  7987 | D:8      | Reached ** piety under Okawaru
  8025 | D:8      | Noticed a hornet
  8032 | D:8      | Paralysed by a hornet for 3 turns
  8035 | D:8      | 8035 ||| INVOKING Heroism.
  8036 | D:8      | Killed a hornet
  8037 | D:8      | Reached XP level 10. HP: 29/59 MP: 11/14
  8073 | D:8      | 8073 ||| Stepping ~*~*~tactically~*~*~ (hiding).
  8079 | D:8      | 8079 ||| INVOKING Heroism.
  8082 | D:8      | Reached skill level 12 in Axes
  8083 | D:8      | 8083 ||| Stepping ~*~*~tactically~*~*~ (cloud).
  8089 | D:8      | 8089 ||| Stepping ~*~*~tactically~*~*~ (hiding).
  8261 | D:8      | 8261 ||| Stepping ~*~*~tactically~*~*~ (stealth).
  8262 | D:8      | 8262 ||| Stepping ~*~*~tactically~*~*~ (stealth).
  8272 | D:8      | 8272 ||| Stepping ~*~*~tactically~*~*~ (stealth).
  8352 | D:8      | 8352 ||| Stepping ~*~*~tactically~*~*~ (hiding).
  8354 | D:8      | 8354 ||| INVOKING Heroism.
  8412 | D:8      | 8412 ||| Stepping ~*~*~tactically~*~*~ (hiding).
  8417 | D:8      | 8417 ||| INVOKING Heroism.
  8420 | D:8      | 8420 ||| Stepping ~*~*~tactically~*~*~ (cloud).
  8715 | D:8      | 8715 ||| DROPPING amulet of faith.
  8716 | D:8      | 8716 ||| READING 2 scrolls of identify.
  8716 | D:8      | 8716 ||| IDENTIFYING inky potion
  8717 | D:8      | 8717 ||| DROPPING potion of berserk rage.
  8725 | D:8      | Noticed a two-headed ogre
  8726 | D:8      | 8726 ||| Stepping ~*~*~tactically~*~*~ (stealth).
  8727 | D:8      | 8727 ||| INVOKING Heroism.
  8733 | D:8      | Killed a two-headed ogre
  8733 | D:8      | Reached *** piety under Okawaru
  8771 | D:9      | 8771 ||| INVOKING Heroism.
  8796 | D:9      | Found a runed translucent gate.
  8798 | D:9      | Found a runed translucent gate.
  8798 | D:9      | Found an opulent altar of Gozag.
  8799 | D:9      | Found a runed translucent gate.
  8801 | D:9      | Noticed Maggie
  8802 | D:9      | 8802 ||| Stepping ~*~*~tactically~*~*~ (hiding).
  8803 | D:9      | 8803 ||| Stepping ~*~*~tactically~*~*~ (hiding).
  8803 | D:9      | Noticed a cyclops
  8804 | D:9      | 8804 ||| Stepping ~*~*~tactically~*~*~ (hiding).
  8804 | D:9      | Noticed qw's ghost (journeyman TeWr)
  8817 | D:9      | 8817 ||| INVOKING Heroism.
  8820 | D:9      | Killed Maggie
  8821 | D:9      | Reached skill level 6 in Armour
  8895 | D:9      | 8895 ||| Stepping ~*~*~tactically~*~*~ (stealth).
  9041 | D:9      | Found Caewnim's Antique Weapon Boutique.
  9065 | D:9      | 9065 ||| Stepping ~*~*~tactically~*~*~ (hiding).
  9067 | D:9      | 9067 ||| Stepping ~*~*~tactically~*~*~ (hiding).
  9072 | D:9      | 9072 ||| INVOKING Heroism.
  9105 | D:9      | 9105 ||| Stepping ~*~*~tactically~*~*~ (stealth).
  9149 | D:9      | 9149 ||| Stepping ~*~*~tactically~*~*~ (stealth).
  9180 | D:9      | Found a flagged portal.
  9559 | D:9      | 9559 ||| READING 2 scrolls of identify.
  9559 | D:9      | 9559 ||| IDENTIFYING sedimented brown potion
  9560 | D:9      | 9560 ||| DROPPING potion of lignification.
  9568 | D:10     | Entered Level 10 of the Dungeon
  9581 | D:10     | 9581 ||| INVOKING Heroism.
  9841 | D:10     | 9841 ||| INVOKING Heroism.
  9842 | D:10     | 9842 ||| DRINKING 5 potions of curing.
  9842 | D:10     | 9842 ||| (to cure confusion)
  9852 | D:10     | Reached skill level 3 in Throwing
 10088 | D:10     | Noticed a vault guard
 10097 | D:10     | 10097 ||| INVOKING Heroism.
 10099 | D:10     | HP: 3/63 [vault guard/+0 dire flail (22)]
 10100 | D:10     | 10100 ||| READING 3 scrolls of teleportation.
 10100 | D:10     | Mangled by a vault guard

Levels and vault maps discovered:
D:1:      dpeg_arrival_arbitrary_b, layout_loops_cross, serial_shops,
          nicolae_lakefront_shop, shop
D:2:      layout_basic, bh_walls_and_bars
D:3:      layout_rooms, nicolae_overflow_quartered_altars, portal_sewer_entry_a,
          minivault_26
D:4:      layout_cave_pools, gammafunk_temple_overflow_elements,
          mrwooster_statue_mirror
D:5:      layout_basic, chequers_ossuary_entry_cave,
          corexii_item_surrounded_by_moat, grunt_ministairs_2, uniq_edmund
D:6:      nicolae_BIG_FREAKIN_CUBE, layout_gridville,
          minmay_temple_entry_gardened_gates
D:7:      layout_gridville, lightli_corner_chamber, uniq_pikel, uniq_menkaure,
          uniq_crazy_yiuf_cottage
D:8:      layout_loops_ring
D:9:      layout_long_grid, serial_shops, shop, enter_bailey_4,
          ebering_ghost_gozag, chequers_serial_rivers_marsh, uniq_maggie
D:10:     layout_small_grid, enter_trove_5, kennysheep_crisscross
Temple:   kb_temple_of_zot

Skill      XL: |  1  2  3  4  5  6  7  8  9 10 |
---------------+-------------------------------+-----
Axes           | 3 4 5 6 7 9 11 12 | 12.7
Shields        | 1 3 |  3.3
Armour         | 2 3 4 5 6 |  6.0
Fighting       | 3 4 5 7 |  7.0
Dodging        | 3 4 |  4.0
Invocations    | 3 4 |  4.1
Throwing       | 3 |  3.0
Spellcasting   | |  2.0
Translocations | |  2.4

Action                   |  1- 3 |  4- 6 |  7- 9 | 10-12 || total
-------------------------+-------+-------+-------+-------++-------
Melee: Hand axe          |    88 |   183 |   253 |       ||   524
       Kick              |    19 |    45 |    83 |    25 ||   172
       Peck              |    11 |    20 |    54 |    15 ||   100
       War axe           |       |       |     9 |    92 ||   101
Throw: Boomerang         |     7 |       |    35 |    17 ||    59
       Javelin           |       |       |       |    17 ||    17
Invok: Heroism           |       |       |     6 |    10 ||    16
  Use: Scroll            |     2 |     9 |     8 |     3 ||    22
       Potion            |       |     5 |     6 |     1 ||    12
Armor: Leather armour    |     7 |       |       |       ||     7
       Chain mail        |    32 |   106 |       |       ||   138
       Plate armour      |       |     1 |   125 |    29 ||   155
Dodge: Dodged            |    22 |    41 |    46 |    29 ||   138
Block: Buckler           |     4 |    23 |    29 |    10 ||    66

Table legend:
 A = Non-vault XP
 B = Vault XP
 C = Vault XP percentage of total XP
 D = Non-vault monster count
 E = Vault monster count
 F = Vault count percentage of total count
                 A         B        C        D         E       F
            +---------+---------+-------+---------+---------+-------
      Total |    7082 |    1868 |  20.9 |     190 |      31 |  14.0
            +---------+---------+-------+---------+---------+-------
        D:1 |      30 |       0 |   0.0 |      19 |       0 |   0.0
        D:2 |      84 |       0 |   0.0 |      20 |       0 |   0.0
        D:3 |     233 |      20 |   7.9 |      26 |       5 |  16.1
        D:4 |     290 |       0 |   0.0 |      13 |       0 |   0.0
        D:5 |     483 |     256 |  34.6 |      29 |       3 |   9.4
        D:6 |    1121 |       0 |   0.0 |      29 |       0 |   0.0
        D:7 |     411 |     828 |  66.8 |      12 |       2 |  14.3
        D:8 |    2444 |       0 |   0.0 |      21 |       0 |   0.0
        D:9 |     533 |     408 |  43.4 |       8 |       6 |  42.9
       D:10 |    1453 |       0 |   0.0 |      13 |       0 |   0.0
    Ossuary |       0 |     356 | 100.0 |       0 |      15 | 100.0
            +---------+---------+-------+---------+---------+-------
